 Dungeon Crawl Stone Soup version 0.30-a0-824-g6c64550be9 (webtiles) character file.

Game seed: 18301130395425963791

2478 Pimp the Covert (level 9, -13/62 HPs)
             Began as an Octopode Brigand on Feb 27, 2023.
             Was an Initiate of Gozag.
             Mangled by an ogre
             ... wielding a +0 giant club
              (30 damage)
             ... on level 7 of the Dungeon.
             The game lasted 00:14:40 (5661 turns).

Pimp the Covert (Octopode Brigand)                  Turns: 5661, Time: 00:14:41

Health: -13/62     AC:  1    Str: 10    XL:     9   Next: 51%
Magic:  9/9        EV: 17    Int: 14    God:    Gozag
Gold:   486        SH:  0    Dex: 23    Spells: 8/8 levels left

rFire   . . .      SeeInvis .    e - +5 short sword (chaos)
rCold   . . .      Faith    .    (no shield)
rNeg    . . .      Spirit   .    (helmet restricted)
rPois   .          Reflect  .    (no amulet)
rElec   .          Harm     .    s - +6 ring of dexterity
rCorr   .          Rampage  .    (no ring)
Will    .....                    (no ring)
Stlth   ++++++                   (no ring)
HPRegen 0.30/turn                (no ring)
MPRegen 0.11/turn                (no ring)
                                 (no ring)
                                 (no ring)

@: no status effects
A: almost no armour, amphibious, 8 rings, camouflage 1, gelatinous body 1,
(nimble swimmer 1), tentacles
a: Renounce Religion, Potion Petition, Call Merchant, Bribe Branch


You were on level 7 of the Dungeon.
You worshipped Gozag.
Gozag was aware of your devotion.
You visited 2 branches of the dungeon, and saw 8 of its levels.

You collected 601 gold pieces.
You paid 115 gold pieces to Gozag.

Inventory:

Hand Weapons
 a - a +2 dagger
 e - a +5 short sword of chaos (weapon)
 t - the +4 sling of the Pillar {elec, Str+4}
   (You found it on level 4 of the Dungeon)

   Str:       It affects your strength (+4).
Missiles
 b - 23 poisoned darts (quivered)
 c - 3 curare-tipped darts
 h - 33 stones
 v - a throwing net
 A - 2 boomerangs
Jewellery
 o - a ring of magical power
 s - a +6 ring of dexterity (left tentacle)
Wands
 p - a wand of iceblast (15)
 q - a wand of paralysis (10)
 y - a wand of polymorph (10)
Scrolls
 i - 4 scrolls of teleportation
 k - a scroll of immolation
 l - a scroll of vulnerability {unknown}
 m - 2 scrolls of magic mapping
 u - 4 scrolls of identify
 w - a scroll of enchant armour
 x - a scroll of blinking
Potions
 d - 5 potions of lignification
 f - 2 potions of curing
 g - 5 potions of cancellation
 j - 2 potions of brilliance
 n - a potion of resistance {unknown}
 r - a potion of heal wounds
 z - 2 potions of flight


   Skills:
 + Level 5.9 Fighting
 + Level 5.9 Short Blades
 + Level 5.9 Throwing
 + Level 5.5 Dodging
 + Level 9.7 Stealth


You had 8 spell levels left.
You didn't know any spells.
Your spell library contained the following spells:

 Spells                   Type           Power      Damage    Failure   Level
 Apportation              Tloc           0%         N/A       28%         1
 Magic Dart               Conj           0%         1d3       28%         1
 Necrotise                Necr           0%         1d4       28%         1
 Shock                    Conj/Air       0%         1d3       28%         1
 Summon Small Mammal      Summ           0%         N/A       28%         1
 Ensorcelled Hibernation  Hex/Ice        0%         N/A       41%         2
 Searing Ray              Conj           0%         2d4       41%         2
 Sublimation of Blood     Necr           0%         N/A       41%         2
 Wereblood                Tmut           0%         N/A       41%         2
 Ignite Poison            Fire/Tmut/Pois 0%         N/A       65%         3
 Kindle Blastsparks       Fire/Tloc/Air  0%         2d10      65%         3
 Spider Form              Tmut/Pois      0%         N/A       65%         3
 Swiftness                Air            0%         N/A       65%         3
 Airstrike                Air            0%         2d(0-16)  96%         4
 Anguish                  Hex/Necr       0%         N/A       96%         4
 Fulminant Prism          Conj/Hex       0%         3d5       96%         4
 Iskenderun's Mystic Bla  Conj/Tloc      0%         2d3       96%         4
 Freezing Cloud           Conj/Ice/Air   0%         6-21      100%        5
 Lee's Rapid Deconstruct  Erth           0%         3d4*      100%        5
 Summon Hydra             Summ           0%         N/A       100%        7


Dungeon Overview and Level Annotations

Branches:
Dungeon (7/15)             Temple (1/1) D:6

Altars:
Dithmenos
Gozag
Kikubaaqudgha
Nemelex Xobeh
Okawaru
Ru
Sif Muna
Trog
Vehumet
Wu Jian
Xom

Shops:
D:4 *   D:7 [

Annotations:
D:6 3 runed translucent doors, oldplebian's ghost, amateur MiBe


Innate Abilities, Weirdness & Mutations

You cannot wear most types of armour.
You are amphibious.
You can wear up to eight rings at the same time.
Your skin changes colour to match your surroundings (Stealth+).
Your rubbery body absorbs attacks. (AC +1, EV +1)
((You are camouflaged when in or above water. (Stealth+)))
You have tentacles for arms and can constrict up to eight enemies at once.


Message History

An ogre comes into view. It is wielding a +0 giant club.
The ogre shouts!
The ogre misses you.
You hit the ogre.
The ogre suddenly seems more agile.
The ogre is lightly wounded.
You hit the ogre.
The ogre is moderately wounded.
The ogre misses you.
You closely miss the ogre. You squeeze the ogre.
The ogre is moderately wounded.
You hit the ogre.
Nothing appears to happen.
The ogre is heavily wounded.
The ogre hits you with a +0 giant club!!
You hit the ogre. You burn the ogre.
The ogre is heavily wounded.
You hit the ogre. You squeeze the ogre.
The ogre is severely wounded.
The ogre misses you.
The ogre hits you with a +0 giant club!!
* * * LOW HITPOINT WARNING * * *
You closely miss the ogre. You squeeze the ogre.
The ogre is severely wounded.
The ogre misses you.
Throw: 25 darts (poison)
Press: ? - help, Q - select action, (/) - cycle Shift-Dir - straight line, f - ogre
Aim: an ogre, wielding a +0 giant club (severely wounded, unusually agile, 64% to hit)
You throw a poisoned dart. The poisoned dart hits the ogre.
The ogre is poisoned.
The ogre is severely wounded.
The ogre attacks as you move away! The ogre misses you.
The ogre looks more healthy.
Throw: 24 darts (poison)
Press: ? - help, Q - select action, (/) - cycle Shift-Dir - straight line, f/p - ogre
Aim: an ogre, wielding a +0 giant club (almost dead, unusually agile, 64% to hit)
You throw a poisoned dart. The poisoned dart hits the ogre.
The ogre is almost dead.
The ogre attacks as you move away!
The ogre hits you with a +0 giant club!!
You die...
Your body crumbles into a pile of gold.

#.# ##.#.##
#.......#.#
#.####
#.###.#
####.####..
#.(..#
##.#.##
####.####..
###.##
#.#.#.#
#...#....<.
#.# ##.#.##
####.####..
#.## #.###.#
#.# ### #..#
##.#.## #.#
##.###.#.#.#
#.#
#...(O@...#
#.######
###########
#....>..
########


You could see an ogre (agile).

Vanquished Creatures
  Maggie (D:7)
  A wyvern (D:7)
  Menkaure (D:5)
  A water moccasin (D:7)
  A floating eye (shapeshifter) (D:6)
  2 ice beasts (D:6)
  3 black bears
  2 phantoms (D:7)
  A bullfrog (D:7)
  2 necrophages
  2 scorpions
  A howler monkey (D:6)
  4 jellies
  An orc priest (D:6)
  6 hounds
  6 iguanas
  4 orc wizards
  3 gnolls (D:7)
  7 adders
  A shadow imp (D:6)
  2 white imps
  An ufetubus (D:5)
  2 dart slugs (D:1)
  11 orcs
  7 ball pythons
  4 bats
  5 endoplasms
  A giant cockroach (D:4)
  5 goblins
  2 hobgoblins
  6 jackals
  11 kobolds
  2 quokkas
  4 frilled lizards
  8 rats
  A spectral hobgoblin (D:2)
122 creatures vanquished.

Vanquished Creatures (collateral kills)
  An adder (D:5)
1 creature vanquished.

Grand Total: 123 creatures vanquished

Notes
Turn   | Place    | Note
-------+----------+-------------------------------------------
     0 | D:1      | Pimp the Octopode Brigand began the quest for the Orb.
     0 | D:1      | Reached XP level 1. HP: 14/14 MP: 1/1
    87 | D:1      | Reached XP level 2. HP: 19/19 MP: 2/2
   303 | D:1      | Reached XP level 3. HP: 24/24 MP: 3/3
   908 | D:2      | Found a faded altar of an unknown god.
  1031 | D:2      | Reached XP level 4. HP: 29/29 MP: 4/4
  1254 | D:2      | Reached skill level 6 in Stealth
  1742 | D:4      | Found Guytinuo's Overcharged Wands.
  1750 | D:4      | Identified the +4 sling of the Pillar {elec, Str+4}
  1765 | D:4      | Reached XP level 5. HP: 36/36 MP: 5/5
  1909 | D:4      | Reached XP level 6. HP: 40/42 MP: 6/6
  1955 | D:4      | Found a bloodstained altar of Trog.
  2019 | D:4      | Identified the +0 robe "Vuithojo" {+Blink rElec MP-9 Str+2}
  2365 | D:5      | Entered Level 5 of the Dungeon
  2748 | D:5      | Reached skill level 7 in Stealth
  2784 | D:5      | Reached XP level 7. HP: 47/47 MP: 7/7
  2882 | D:5      | Noticed Menkaure
  2984 | D:5      | Killed Menkaure
  3502 | D:6      | Reached XP level 8. HP: 54/54 MP: 8/8
  3536 | D:6      | Found an opulent altar of Gozag.
  3628 | D:6      | Reached skill level 8 in Stealth
  3866 | D:6      | Found a staircase to the Ecumenical Temple.
  3875 | Temple   | Entered the Ecumenical Temple
  3952 | D:6      | Became a worshipper of Gozag Ym Sagoz the Greedy
  4037 | D:6      | a steam dragon changed into a glowing shapeshifter
  4037 | D:6      | Noticed a glowing shapeshifter (glowing shapeshifter)
  4037 | D:6      | a glowing shapeshifter changed into a redback
  4039 | D:6      | a redback changed into an eye of devastation
  4039 | D:6      | Noticed an eye of devastation (glowing shapeshifter)
  4042 | D:6      | an eye of devastation changed into a sea snake
  4042 | D:6      | Noticed a sea snake (glowing shapeshifter)
  4044 | D:6      | a sea snake changed into a floating eye
  4284 | D:6      | Found a shimmering blue altar of Sif Muna.
  4489 | D:6      | Reached skill level 5 in Fighting
  4489 | D:6      | Reached skill level 5 in Throwing
  4521 | D:6      | Reached skill level 5 in Short Blades
  4568 | D:6      | Found a runed translucent gate.
  4569 | D:6      | Found a runed translucent gate.
  4573 | D:6      | Found a runed translucent gate.
  4577 | D:6      | Noticed oldplebian's ghost (amateur MiBe)
  4735 | D:7      | Found Pedogg's Antique Armour Emporium.
  4737 | D:7      | Noticed Maggie
  4747 | D:7      | Killed Maggie
  4748 | D:7      | Reached skill level 9 in Stealth
  4748 | D:7      | Reached XP level 9. HP: 59/61 MP: 9/9
  4873 | D:7      | Reached skill level 5 in Dodging
  5272 | D:7      | Found a flagged portal.
  5661 | D:7      | Mangled by an ogre

Illustrated notes

Levels and vault maps discovered:
D:1:      dpeg_arrival_tiny_g, layout_basic, minmay_misc_feat_alley
D:2:      layout_loops_ring, dreamdust_ecumenical_altar_drowned_temple,
          minmay_splitting_lines
D:3:      layout_basic
D:4:      layout_cave_pools, nicolae_overflow_crystal_walls,
          nicolae_shop_overcharged_wands
D:5:      layout_basic, uniq_menkaure
D:6:      layout_basic, led_sif_pool, mainiacjoe_overflow_catwalk,
          minmay_temple_entry_junction, gammafunk_ghost_split
D:7:      layout_loops_ring, enter_bailey_8, serial_shops, nicolae_square_shop,
          hangedman_decor_lopped, roderic_roman_lattice, uniq_maggie
Temple:   hellmonk_temple_two_chambers

Skill      XL: |  1  2  3  4  5  6  7  8  9 |
---------------+----------------------------+-----
Stealth        | 6 7 9 |  9.7
Dodging        | 2 3 4 5 |  5.5
Fighting       | 3 4 5 |  5.9
Short Blades   | 3 4 5 |  5.9
Throwing       | 3 4 5 |  5.9

Action                     |  1- 3 |  4- 6 |  7- 9 || total
---------------------------+-------+-------+-------++-------
  Melee: Dagger            |    35 |       |       ||    35
         Constrict         |    14 |    13 |    20 ||    47
         Tentacles         |    14 |    15 |    30 ||    59
         Short sword       |    34 |    68 |   110 ||   212
         Punch             |     1 |     1 |     1 ||     3
  Throw: Dart              |       |       |     8 ||     8
    Use: Scroll            |     1 |       |    13 ||    14
         Potion            |       |     6 |     4 ||    10
   Stab: Sleeping          |    11 |    13 |    13 ||    37
         Distracted        |       |     1 |       ||     1
         Fleeing           |       |       |     1 ||     1
 Armour: Skin              |     5 |     4 |     4 ||    13
  Dodge: Dodged            |    43 |    52 |    53 ||   148

Table legend: (Time is in decaauts)
 A = Elapsed time spent in this place.
 B = Non-inter-level travel time spent in this place.
 C = Inter-level travel time spent in this place.
 D = Time resting spent in this place.
 E = Time spent auto-exploring this place.
 F = Levels seen in this place.
 G = Mean time per level.
                   A        B        C        D        E       F      G
               +--------+--------+--------+--------+--------+-----+--------+
         Total |   5611 |   5386 |    225 |    987 |   3153 |   8 |  701.4 |
       Dungeon |   5551 |   5373 |    178 |    987 |   3153 |   7 |  793.0 |
        Temple |     59 |     12 |     47 |      0 |      0 |   1 |   59.0 |
               +--------+--------+--------+--------+--------+-----+--------+

Top non-repeatable levels by time:
     D:5: 1302 daAuts
     D:6: 985 daAuts
     D:7: 914 daAuts
     D:1: 687 daAuts
     D:2: 656 daAuts
     D:4: 618 daAuts
     D:3: 387 daAuts
  Temple: 59 daAuts
